 Dungeon Crawl Stone Soup version 0.31-a0-879-g1609e0ac53 (webtiles) character file.

Game seed: 17096301040831024877

574 Darius099 the Cleaver (level 7, -4/57 HPs)
             Began as a Minotaur Fighter on Oct 14, 2023.
             Slain by a gnoll sergeant
             ... wielding a +1 spear of flaming
              (10 damage)
             ... on level 5 of the Dungeon.
             The game lasted 00:18:31 (2856 turns).

Darius099 the Cleaver (Minotaur Fighter)            Turns: 2856, Time: 00:18:32

Health: -4/57      AC: 10    Str: 22    XL:     7   Next: 12%
Magic:  6/6        EV:  7    Int:  5    God:
Gold:   122        SH:  9    Dex: 16    Spells: 6/6 levels left

rFire   . . .        a - +0 war axe
rCold   . . .        y - +0 kite shield
rNeg    . . .        x - +0 chain mail
rPois   .            (helmet restricted)
rElec   .            (no cloak)
rCorr   .            (no gloves)
SInv    +            z - +0 pair of boots
Will    .....        (no amulet) Stlth
                     m - +6 ring of dexterity
HPRegen 0.29/turn    o - ring of see invisible
MPRegen 0.10/turn

%: no passive effects
@: no status effects
A: horns 2, retaliatory headbutt
a: no special abilities


You were on level 5 of the Dungeon.
You visited 1 branch of the dungeon, and saw 5 of its levels.

You collected 122 gold pieces.

Inventory:

Hand Weapons
 a - a +0 war axe (weapon)
Armour
 x - a +0 chain mail (worn)
 y - a +0 kite shield (worn)
 z - a +0 pair of boots (worn)
Jewellery
 m - a +6 ring of dexterity (left hand)
 o - a ring of see invisible (right hand)
 v - a ring of protection from cold
Talismans
 g - a storm talisman
Wands
 u - a wand of polymorph (12)
Scrolls
 e - a scroll of revelation {unknown}
 f - 4 scrolls of noise {unknown}
 h - a scroll of amnesia {unknown}
 j - 3 scrolls of identify {unknown}
 k - 2 scrolls of immolation {unknown}
 l - a scroll of vulnerability {unknown}
 r - 2 scrolls of teleportation {unknown}
 s - 2 scrolls of fog {unknown}
Potions
 b - a potion of invisibility {unknown}
 d - 2 potions of might
 i - a potion of resistance {unknown}
 n - 2 potions of attraction {unknown}
 p - a potion of berserk rage {unknown}
 q - a potion of brilliance {unknown}
 t - a potion of cancellation {unknown}
 w - 3 potions of curing {unknown}


   Skills:
 - Level 3.6 Fighting
 + Level 9.5 Axes
 - Level 3.6 Armour
 - Level 3.6 Shields


You had 6 spell levels left.
You didn't know any spells.
Your spell library contained the following spells:

 Spells                   Type           Power      Damage    Failure   Level
 Foxfire                  Conj/Fire      0%         2x1d4     100%        1
 Magic Dart               Conj           0%         1d3       100%        1
 Searing Ray              Conj           0%         2d4       100%        2
 Fulminant Prism          Conj/Hex       0%         3d5       100%        4
 Ignition                 Fire           0%         3d3       100%        8


Dungeon Overview and Level Annotations

Branches:
Dungeon (5/15)
 Temple: D:4-7

Altars:
Gozag
Nemelex Xobeh


Innate Abilities, Weirdness & Mutations

You have a pair of horns on your head.
You reflexively headbutt those who attack you in melee.


Message History

You block the hound's attack. You block the gnoll sergeant's attack.
The hound barely misses you. You furiously retaliate!
You headbutt the hound, but do no damage.
You barely miss the hound.
The hound is almost dead.
You slash the white imp! You block the hound's attack.
You block the white imp's attack.
The gnoll sergeant hits you but does no damage.
The hound bites you.
The gnoll bouda gazes fiercely through you!
You feel your attacks grow feeble. The white imp hits you.
The white imp freezes you.
* * * LOW HITPOINT WARNING * * *
You hit the white imp.
The white imp is almost dead.
You hit the hound.
You kill the hound!
The gnoll sergeant is no longer moving quickly.
The gnoll sergeant hits you from afar with a +1 spear of flaming!
* * * LOW HITPOINT WARNING * * *
The gnoll sergeant burns you.
* * * LOW HITPOINT WARNING * * *
The white imp hits you but does no damage.
The gnoll bouda barks out a call to the hunt!
The gnoll sergeant picks up the pace!
The gnoll sergeant hits you from afar with a +1 spear of flaming.
* * * LOW HITPOINT WARNING * * *
The gnoll sergeant burns you.
* * * LOW HITPOINT WARNING * * *
You hit the white imp but do no damage.
The white imp is almost dead.
The gnoll sergeant barely misses you. The white imp gestures at you.
You block the puff of frost.
You slash the white imp!
You kill the white imp!
You block the gnoll sergeant's attack.
Your attacks no longer feel as feeble.
The gnoll sergeant hits you from afar with a +1 spear of flaming!
You die...

PP....g.#...##..#
PP...PP.+....#...
.PP.PP..#.........
.......g##...# .#
.......g)†...# ..#
####....##g..#....
#....##g.......
#...<##...##.##
#....##@..# .
##.............
#....###......
#....# ######
#....+ ..# #....#
## #....+ #..


You could see a gnoll sergeant (swift) and a gnoll.

Vanquished Creatures
  Eustachio (D:4)
  Edmund (D:4)
  A black bear (D:4)
  A scorpion (D:4)
  A hound (D:5)
  A gnoll (D:5)
  An adder (D:3)
  A white imp (D:5)
  A worm (D:4)
  A dart slug (D:1)
  6 orcs
  10 ball pythons
  5 bats
  5 endoplasms
  6 giant cockroaches
  5 goblins
  11 hobgoblins
  10 jackals
  4 kobolds
  6 quokkas
  6 frilled lizards
  8 rats
92 creatures vanquished.

Notes
Turn   | Place    | Note
-------+----------+-------------------------------------------
     0 | D:1      | Darius099 the Minotaur Fighter began the quest for the Orb.
     0 | D:1      | Reached XP level 1. HP: 19/19 MP: 0/0
    82 | D:1      | Reached skill level 3 in Axes
   112 | D:1      | Reached XP level 2. HP: 26/26 MP: 1/1
   386 | D:1      | Reached skill level 4 in Axes
   554 | D:1      | Found a faded altar of an unknown god.
   664 | D:1      | Reached XP level 3. HP: 22/31 MP: 2/2
  1454 | D:2      | Reached skill level 5 in Axes
  1694 | D:3      | Reached XP level 4. HP: 24/39 MP: 3/3
  1869 | D:3      | Got a loosely-bound book
  1870 | D:3      | Found an opulent altar of Gozag.
  2133 | D:4      | Noticed Eustachio
  2148 | D:4      | Killed Eustachio
  2149 | D:4      | Reached skill level 7 in Axes
  2149 | D:4      | Reached XP level 5. HP: 21/45 MP: 4/4
  2285 | D:4      | Reached skill level 8 in Axes
  2285 | D:4      | Reached XP level 6. HP: 44/51 MP: 5/5
  2378 | D:4      | Noticed Edmund
  2389 | D:4      | Killed Edmund
  2510 | D:4      | Found a sparkling altar of Nemelex Xobeh.
  2550 | D:4      | Reached skill level 9 in Axes
  2550 | D:4      | Reached XP level 7. HP: 57/57 MP: 6/6
  2830 | D:5      | Entered Level 5 of the Dungeon
  2856 | D:5      | Slain by a gnoll sergeant

Illustrated notes

Levels and vault maps discovered:
D:1:      dpeg_arrival_lava_temple_mockup, layout_loops_ring,
          hellmonk_ecumenical_altar_zigzags, nicolae_kite_square_tiling_tiny,
          minmay_misc_feat_secret_circle
D:2:      layout_basic, dk_noncrumbling_4
D:3:      layout_rooms, grunt_gozag_statues, grunt_ministairs_1
D:4:      layout_gridville, kennysheep_little_box, uniq_eustachio, uniq_edmund
D:5:      layout_basic, nicolae_vehumet_radiance, serial_aquarium,
          aquarium_bridge_square [aquarium_subvault_wall,
          aquarium_subvault_bridge, aquarium_subvault_window,
          aquarium_subvault_wall], aquarium_window_1, aquarium_window_2,
          aquarium_view_2c, gup_sewer_entry_bubbles, serial_shops, shop,
          nicolae_grassy_gnolls, uniq_duvessa

Skill      XL: |  1  2  3  4  5  6 |
---------------+-------------------+-----
Axes           | 3 4 5 7 8 9 |  9.5
Fighting       | |  3.6
Armour         | |  3.6
Shields        | |  3.6

Action                     |  1- 3 |  4- 6 |  7- 9 || total
---------------------------+-------+-------+-------++-------
  Melee: War axe           |   100 |    73 |    22 ||   195
         Headbutt          |    11 |    15 |     3 ||    29
 Armour: Scale mail        |    76 |    64 |       ||   140
         Chain mail        |       |    18 |    24 ||    42
  Dodge: Dodged            |    54 |    44 |     8 ||   106
  Block: Buckler           |    20 |    28 |       ||    48
         Kite shield       |       |     3 |    16 ||    19

Table legend: (Time is in decaauts)
 A = Elapsed time spent in this place.
 B = Non-inter-level travel time spent in this place.
 C = Inter-level travel time spent in this place.
 D = Time resting spent in this place.
 E = Time spent auto-exploring this place.
 F = Levels seen in this place.
 G = Mean time per level.
                   A        B        C        D        E       F      G
               +--------+--------+--------+--------+--------+-----+--------+
         Total |   2906 |   2848 |     58 |    133 |   1015 |   5 |  581.2 |
       Dungeon |   2906 |   2848 |     58 |    133 |   1015 |   5 |  581.2 |
               +--------+--------+--------+--------+--------+-----+--------+

Top non-repeatable levels by time:
     D:2: 892 daAuts
     D:1: 783 daAuts
     D:4: 730 daAuts
     D:3: 471 daAuts
     D:5: 28 daAuts
